 Dungeon Crawl Stone Soup version 0.22-a0-433-gd2a9cce (webtiles) character file.

2989 Kairos the Cleaver (level 9, -4/82 HPs)
             Began as a Deep Dwarf Monk on May 28, 2018.
             Slain by a two-headed ogre
             ... wielding a +0 giant club
              (7 damage)
             ... on level 8 of the Dungeon.
             The game lasted 00:16:02 (6375 turns).

Kairos the Cleaver (Deep Dwarf Monk)                Turns: 6375, Time: 00:16:03

Health: -4/82      AC: 13    Str: 21    XL:     9   Next: 53%
Magic:  5/5        EV: 15    Int: 10    God:
Gold:   422        SH:  5    Dex: 15    Spells: 8/8 levels left

rFire    . . .     SeeInvis .   a - +0 hand axe
rCold    + . .     Gourm    .   g - +0 buckler
rNeg     . . .     Faith    .   d - +0 ring mail
rPois    .         Spirit   .   e - +0 helmet
rElec    +         Reflect  .   (no cloak)
rCorr    .         Harm     .   h - +0 pair of gloves
MR       ++...                  m - +0 pair of boots
Stlth    ++........             (no amulet)
HPRegen  0.00/turn              l - +4 ring of protection
MPRegen  0.09/turn              y - ring of protection from cold

@: non-regenerating
A: damage resistance, heal wounds, magic resistance 1, sense surroundings 2,
electricity resistance, strong 1, wild magic 1, no regeneration
a: Heal Wounds


You were on level 8 of the Dungeon.
You were not hungry.

You visited 2 branches of the dungeon, and saw 9 of its levels.

You collected 422 gold pieces.

Inventory:

Hand Weapons
 a - a +0 hand axe (weapon)
 p - a +2 whip of flaming
Armour
 b - a +0 robe
 d - a +0 ring mail (worn)
 e - a +0 helmet (worn)
 g - a +0 buckler (worn)
 h - a +0 pair of gloves (worn)
 m - a +0 pair of boots (worn)
Jewellery
 l - a +4 ring of protection (left hand)
 y - a ring of protection from cold (right hand)
Wands
 k - a wand of disintegration (2)
 r - a wand of enslavement (13)
Scrolls
 f - 2 scrolls of identify
 i - a scroll of teleportation
 o - 4 scrolls of enchant armour
 q - a scroll of immolation {unknown}
 v - a scroll of blinking {unknown}
 w - a scroll of vulnerability {unknown}
Potions
 j - 2 potions of lignification
 n - a potion of mutation
 s - a potion of haste
 t - 4 potions of curing
 u - 2 potions of cancellation {unknown}
 x - a potion of resistance {unknown}
 A - a potion of berserk rage {unknown}
Comestibles
 c - 9 rations


   Skills:
 + Level 5.8 Fighting
 + Level 9.8 Axes
 + Level 5.4 Armour
 + Level 6.4 Dodging
 + Level 4.1 Stealth
 + Level 4.0 Shields
 + Level 0.1 Evocations


You had 8 spell levels left.
You didn't know any spells.
Your spell library contained the following spells:

 Spells                   Type           Power        Failure   Level  Hunger
 Conjure Flame            Conj/Fire      #.......     91%         3    ####...
 Freezing Cloud           Conj/Ice/Air   #.........   100%        6    #######
 Mephitic Cloud           Conj/Pois/Air  #.......     91%         3    ####...
 Ring of Flames           Chrm/Fire      #.........   100%        7    #######
 Poisonous Vapours        Pois/Air       #.....       73%         2    ###....


Dungeon Overview and Level Annotations

Branches:
Dungeon (8/15)             Temple (1/1) D:5
   Lair: D:8-11

Altars:
Ashenzari
Cheibriados
Dithmenos
Elyvilon
Fedhas
Gozag
Hepliaklqana
Kikubaaqudgha
Nemelex Xobeh
Okawaru
Qazlal
Ru
Sif Muna
Trog
Uskayaw
Vehumet
Wu Jian
Xom
Yredelemnul
Zin
The Shining One

Shops:
D:5 ?


Innate Abilities, Weirdness & Mutations

You are resistant to damage.
You can heal yourself by infusing magical energy.
You passively map the area around you.
You do not regenerate.
You are resistant to hostile enchantments. (MR+)
You are resistant to electric shocks. (rElec)
Your muscles are strong. (Str +2)
Your spells are a little harder to cast, but a little more powerful.


Message History

The two-headed ogre is blasted.
You block the two-headed ogre's attack.
The two-headed ogre hits you with a giant club.
Aiming: Disintegrate
Press: ? - help, Shift-Dir - straight line, f/p - two-headed ogre
Aim: a two-headed ogre, wielding two giant clubs (heavily wounded, chance to defeat MR: 48%)
The two-headed ogre resists with some effort.
Aiming: Disintegrate
Press: ? - help, Shift-Dir - straight line, f/p - two-headed ogre
Aim: a two-headed ogre, wielding two giant clubs (heavily wounded, chance to defeat MR: 48%)
The two-headed ogre resists with some effort.
The two-headed ogre hits you with a giant club!!
The two-headed ogre hits you with a giant club.
Aiming: Disintegrate
Press: ? - help, Shift-Dir - straight line, f/p - two-headed ogre
Aim: a two-headed ogre, wielding two giant clubs (heavily wounded, chance to defeat MR: 48%)
The two-headed ogre resists with some effort.
The two-headed ogre hits you with a giant club!!
* * * LOW HITPOINT WARNING * * *
The two-headed ogre hits you with a giant club!
You die...

, * ,* , * * ## # * * *
#. .###.* * #...
###.#.#* * * ,
#.#.*##.##..# *
#.#.##...##.# * * ,.
#.........#O######
..##.........@........ *
,,.............#.#####..
, ......†...[.##.# *, ,*
, , ........(......#
**#.##....<.###### *, ,
, * *###>##....... ,, *
* , #. .)......,,, , *
,, * ###########** * ***


You could see a two-headed ogre.

Vanquished Creatures
  Pikel (D:6)
  A hippogriff (D:7)
  Sigmund (D:5)
  A hungry ghost (D:5)
  Duvessa (D:7)
  3 sky beasts
  A phantom (D:5)
  2 slaves
  An ogre (D:4)
  2 bullfrogs (D:7)
  2 scorpions
  Dowan (D:7)
  2 crimson imps
  A bullfrog zombie (D:7)
  5 hounds
  A jelly (D:6)
  A centaur skeleton (D:4)
  4 orc priests
  8 worker ants
  11 orc wizards
  A worker ant zombie (D:5)
  A howler monkey zombie (D:6)
  Robin (D:3)
  16 adders
  A shadow imp (D:7)
  An ooze (D:2)
  An adder skeleton (D:4)
  A worm (D:4)
  6 leopard geckos
  26 orcs
  A ball python (D:2)
  8 bats
  3 giant cockroaches
  19 goblins
  11 hobgoblins
  16 jackals
  3 quokkas
  5 frilled lizards
  6 kobolds
  7 rats
184 creatures vanquished.

Vanquished Creatures (others)
  A goblin (D:3)
1 creature vanquished.

Grand Total: 185 creatures vanquished

Notes
Turn   | Place    | Note
-------+----------+-------------------------------------------
     0 | D:1      | Kairos the Deep Dwarf Monk began the quest for the Orb.
     0 | D:1      | Reached XP level 1. HP: 20/20 MP: 1/1
   266 | D:1      | Reached XP level 2. HP: 27/27 MP: 2/2
   516 | D:1      | Reached XP level 3. HP: 22/34 MP: 3/3
   964 | D:2      | Reached skill level 4 in Axes
  1116 | D:2      | Reached skill level 1 in Armour
  1186 | D:2      | Reached XP level 4. HP: 24/42 MP: 4/4
  1652 | D:3      | Noticed Robin
  1702 | D:3      | Killed Robin
  1702 | D:3      | Reached XP level 5. HP: 25/49 MP: 5/5
  1715 | D:3      | Reached skill level 1 in Shields
  1762 | D:3      | Gained mutation: Your muscles are strong. (Str +2) [potion of mutation]
  1762 | D:3      | Gained mutation: Your spells are a little harder to cast, but a little more powerful. [potion of mutation]
  1762 | D:3      | Gained mutation: You are resistant to hostile enchantments. (MR+) [potion of mutation]
  1762 | D:3      | Gained mutation: You are resistant to electric shocks. (rElec) [potion of mutation]
  1772 | D:3      | Reached skill level 5 in Axes
  2244 | D:4      | Reached XP level 6. HP: 28/56 MP: 5/5
  2389 | D:4      | HP: 1/56 [orc/hand axe (2)]
  2420 | D:4      | Reached skill level 6 in Axes
  2439 | D:4      | HP: 2/56 [worker ant (4)]
  2513 | D:4      | Reached XP level 7. HP: 15/62 MP: 5/5
  2909 | D:5      | Entered Level 5 of the Dungeon
  3002 | D:5      | Reached skill level 7 in Axes
  3004 | D:5      | Found a staircase to the Ecumenical Temple.
  3159 | Temple   | Entered the Ecumenical Temple
  3244 | D:5      | Reached XP level 8. HP: 63/73 MP: 6/6
  3248 | D:5      | Reached skill level 5 in Dodging
  3426 | D:5      | Found Daidghips's Magic Scroll Boutique.
  3732 | D:5      | Noticed Sigmund
  3754 | D:5      | Killed Sigmund
  3754 | D:5      | Reached skill level 8 in Axes
  4072 | D:6      | Reached skill level 5 in Fighting
  4751 | D:6      | Noticed Pikel
  4858 | D:6      | Killed Pikel
  4858 | D:6      | Reached skill level 9 in Axes
  4858 | D:6      | Gained mutation: You passively map the area around you. [Deep Dwarf growth]
  4858 | D:6      | Reached XP level 9. HP: 53/81 MP: 7/7
  5495 | D:7      | Reached skill level 5 in Armour
  5822 | D:7      | Noticed Duvessa
  5823 | D:7      | Noticed Dowan
  6007 | D:7      | Killed Dowan
  6165 | D:7      | Killed Duvessa
  6367 | D:8      | Noticed a two-headed ogre
  6375 | D:8      | HP: 3/82 [two-headed ogre/giant club (25)]
  6375 | D:8      | Slain by a two-headed ogre

Vault maps used:
D:1:      onia_arrival_mini_spirals
D:3:      uniq_robin
D:4:      first_ration
D:5:      minmay_temple_entry_statues_pillars, serial_shops, shop, uniq_sigmund
D:6:      uniq_pikel
D:7:      uniq_duvessa
D:8:      minmay_cornered_nines, bloody_makhleb, dpeg_oklobed_lair,
          uniq_prince_ribbit1
Temple:   dpeg_three_leaves_temple

Skill      XL: |  1  2  3  4  5  6  7  8  9 |
---------------+----------------------------+-----
Fighting       | 3 4 5 |  5.8
Axes           | 4 5 6 7 9 |  9.8
Armour         | 1 2 3 4 5 |  5.4
Stealth        | 3 4 |  4.1
Dodging        | 4 6 |  6.4
Shields        | 1 2 3 4 |  4.0
Evocations     | |  0.1

Action                   |  1- 3 |  4- 6 |  7- 9 || total
-------------------------+-------+-------+-------++-------
Melee: Hand axe          |   137 |   303 |   614 ||  1054
 Abil: Heal Wounds       |       |     4 |     6 ||    10
Evoke: Wand              |       |       |     9 ||     9
  Use: Potion            |       |     4 |     1 ||     5
       Scroll            |       |     2 |     2 ||     4
 Stab: Sleeping          |     8 |     2 |     3 ||    13
       Distracted        |       |     1 |     1 ||     2
  Eat: Chunk             |     1 |     4 |    10 ||    15
       Ration            |       |       |     3 ||     3
Armor: Ring mail         |    44 |   148 |   232 ||   424
       Skin              |       |     4 |       ||     4
Dodge: Dodged            |    81 |   188 |   299 ||   568
Block: Buckler           |    18 |    67 |   112 ||   197

Table legend:
 A = Spawn XP
 B = Non-spawn XP
 C = Spawn XP percentage of total XP
 D = Spawn monster count
 E = Non-spawn monster count
 F = Spawn count percentage of total count
 G = Total turns spent on level
                    A         B        C        D         E        F      G
               +---------+---------+-------+---------+---------+-------+---------
         Total |       0 |    4270 |   0.0 |       0 |     182 |   0.0 |  6375
               +---------+---------+-------+---------+---------+-------+---------
           D:1 |       0 |      43 |   0.0 |       0 |      25 |   0.0 |   786
           D:2 |       0 |     114 |   0.0 |       0 |      24 |   0.0 |   814
           D:3 |       0 |     181 |   0.0 |       0 |      38 |   0.0 |   613
           D:4 |       0 |     633 |   0.0 |       0 |      32 |   0.0 |   696
           D:5 |       0 |    1143 |   0.0 |       0 |      28 |   0.0 |   983
           D:6 |       0 |    1002 |   0.0 |       0 |      11 |   0.0 |  1144
           D:7 |       0 |    1106 |   0.0 |       0 |      23 |   0.0 |  1237
           D:8 |       0 |      48 |   0.0 |       0 |       1 |   0.0 |    31
               +---------+---------+-------+---------+---------+-------+---------
